 Dungeon Sprint DCSS version 0.30-a0-883-g5ad918d77d (webtiles) character file.

Game seed: 10991770898360775789

4981 BigDaddyOpFi the Anamnesiscian (level 10, 0/54 HPs)
             Began as a Djinni Earth Elementalist on Mar 17, 2023.
             Was an Elder of Hepliaklqana.
             Slain by a demonic crawler (8 damage)
             ... in the Dungeon (Sprint VII: "The Pits").
             The game lasted 00:05:05 (3512 turns).

BigDaddyOpFi the Anamnesiscian (DjEE)               Turns: 3512, Time: 00:05:06

Health: 0/54       AC:  2    Str:  7    XL:     10   Next: 83%
Gold:   0          EV: 24    Int: 21    God:    Hepliaklqana [****..] SH:  0 Dex: 14

rFire   + + .      SeeInvis .    q - +2 war axe (freeze)
rCold   x . .      Faith    .    (no shield)
rNeg    . . .      Spirit   .    a - +0 robe
rPois   ∞          Reflect  .    p - +0 hat
rElec   .          Rampage  .    (no cloak)
rCorr   .          NoTele   +    (no gloves)
Will    +....                    (boots unavailable)
Stlth   ++++                     (no amulet)
HPRegen 0.29/turn                k - +3 ring of evasion
MPRegen 0.00/turn                l - +3 ring of evasion

@: flying
A: reduced essence, sickness immunity, fire resistance 2, cold vulnerability 1,
float, innate caster, HP casting, extra vitality 1
a: Renounce Religion, Recall Ancestor, Ancestor Identity, Transference, Idealise


You were in the Dungeon.
You worshipped Hepliaklqana.
Hepliaklqana was greatly pleased with you.
You visited 1 branch

Inventory:

Hand Weapons
 h - a +2 falchion
 q - a +2 war axe of freezing (weapon)
Armour
 a - a +0 robe (worn)
 o - a +0 pair of boots
 p - a +0 hat (worn)
Jewellery
 k - a +3 ring of evasion (left hand)
 l - a +3 ring of evasion (right hand)
Wands
 j - a wand of flame (18)
Scrolls
 f - a scroll of blinking
Potions
 b - 8 potions of curing
 c - 4 potions of heal wounds
 d - 2 potions of haste
 e - 3 potions of berserk rage
 g - 2 potions of invisibility
 i - 2 potions of degeneration {unknown}
 m - 2 potions of might
 n - a potion of brilliance


   Skills:
 + Level 12.3 Dodging
 + Level 10.4 Stealth
 + Level 9.0 Spellcasting
 * Level 15.4 Invocations


You knew the following spells:

 Your Spells              Type           Power      Damage    Failure   Level
a - Sandblast             Erth           94%        2d19      1%          1
b - Passwall              Tmut/Erth      39%        N/A       1%          2
c - Stone Arrow           Conj/Erth      94%        3d12      1%          3
d - Petrify               Tmut/Erth      47%        N/A       1%          4
e - Kiss of Death         Conj/Necr      100%       2d13      1%          1
f - Poisonous Vapours     Pois/Air       94%        N/A       1%          2
g - Vhi's Electric Charg  Tloc/Air       94%        N/A       1%          3
h - Kindle Blastsparks    Fire/Tloc/Air  94%        2d17      1%          3
Your spell library was empty.

Dungeon Overview and Level Annotations

Branches:
Dungeon (1/1)

Altars:
Ashenzari
Cheibriados
Dithmenos
Elyvilon
Fedhas
Gozag
Hepliaklqana
Makhleb
Nemelex Xobeh
Okawaru
Qazlal
Ru
Trog
Uskayaw
Wu Jian
Xom
Yredelemnul
Zin
The Shining One
Jiyva
Lugonu


Innate Abilities, Weirdness & Mutations

Your life essence is reduced to manifest your ancestor. (-10% HP)
You are immune to sickness and miasma.
You are immune to poison.
Your flesh is very heat resistant. (rF++)
You are vulnerable to cold. (rC-)
You float through the air rather than walking.
You learn spells naturally, not from books.
Your magical power is your life essence.
You have superior vitality. (+4 MHP)


Message History

Casting: Stone Arrow (safe; 1% risk of failure)
Confirm with . or Enter, or press ? or * to list all spells.
You aren't next to any passable walls.
Casting: Passwall (safe; 1% risk of failure)
Confirm with . or Enter, or press ? or * to list all spells.
You don't know that spell.
Okay, then.
Casting: Passwall (safe; 1% risk of failure)
Confirm with . or Enter, or press ? or * to list all spells.
Aiming: Stone Arrow (safe; 1% risk of failure)
Press: ? - help, Shift-Dir - straight line, f/p - demonic crawler
Aim: a demonic crawler (89% to hit)
The stone arrow hits the demonic crawler!
The demonic crawler is moderately wounded.
The demonic crawler completely misses you.
The demonic crawler misses you. The demonic crawler barely misses you.
Unknown command.
Casting: Stone Arrow (safe; 1% risk of failure)
Confirm with . or Enter, or press ? or * to list all spells.
Aiming: Stone Arrow (safe; 1% risk of failure)
Press: ? - help, Shift-Dir - straight line, f/p - demonic crawler
Aim: a demonic crawler (lightly wounded, 89% to hit)
The stone arrow hits the demonic crawler!
The demonic crawler is moderately wounded.
The demonic crawler completely misses you.
The demonic crawler misses you. The demonic crawler closely misses you.
The demonic crawler completely misses you.
The demonic crawler closely misses you. The demonic crawler hits you.
Unknown command.
Casting: Stone Arrow (safe; 1% risk of failure)
Confirm with . or Enter, or press ? or * to list all spells.
Aiming: Stone Arrow (safe; 1% risk of failure)
Press: ? - help, Shift-Dir - straight line, f/p - demonic crawler
Aim: a demonic crawler (lightly wounded, 89% to hit)
The stone arrow hits the demonic crawler!!
The demonic crawler is heavily wounded.
The demonic crawler hits you!
* * * LOW HITPOINT WARNING * * *
The demonic crawler misses you. The demonic crawler hits you!
You die...

...##...##...#..#
...##..##...##..#
...##..#...##...+
...##..'..##....###
...##.##..#.......###
#######...+.........##
#### #....#....####..##
.[.##..#..##..##..##..+
.[.##.###..##.')@s.'..#
.[)####)##..#)##..##..#
.))# #.).'..'..#### ..#
.))##....#..##.........#
############# ##########


You could see a demonic crawler.

Vanquished Creatures
  A bog body (D)
  A merfolk siren (D)
  A kobold demonologist (D)
  An ice devil (D)
  A guardian mummy (D)
  A jumping spider (D)
  Eustachio (D)
  A redback (D)
  A floating eye (D)
  A water moccasin (D)
  3 black bears (D)
  A swamp drake (D)
  2 wolves (D)
  2 ogres (D)
  A gnoll sergeant (D)
  3 killer bees (D)
  A quasit (D)
  Jessica (D)
  Ijyb (D)
  A mummy (D)
  An adder (D)
  6 gnolls (D)
  A river rat (D)
  A white imp (D)
  2 ufetubi (D)
  A bat skeleton (D)
  An endoplasm (D)
  2 giant cockroaches (D)
  A quokka (D)
  A quokka zombie (D)
  A rat (D)
44 creatures vanquished.

Vanquished Creatures (collateral kills)
  Gastronok (D)
  A jumping spider (D)
  A small abomination (D)
  An ice beast (D)
  2 wolves (D)
  A killer bee (D)
  A hell rat (D)
  A gnoll (D)
9 creatures vanquished.

Vanquished Creatures (others)
  2 hexers (D)
  An ancestor (D)
3 creatures vanquished.

Grand Total: 56 creatures vanquished

Notes
Turn   | Place    | Note
-------+----------+-------------------------------------------
     0 | D        | BigDaddyOpFi the Djinni Earth Elementalist began the quest
                  | for the Orb.
     0 | D        | BigDaddyOpFi set off with the following spells memorised:
                  | Sandblast, Passwall, Stone Arrow, Petrify.
     0 | D        | Reached XP level 1. HP: 15/15 MP: 0/0
    15 | D        | Found a bloodstained altar of Trog.
    15 | D        | Found a viscous altar of Jiyva.
    15 | D        | Found a hazy altar of Hepliaklqana.
    15 | D        | Found an opulent altar of Gozag.
    16 | D        | Found a glowing golden altar of the Shining One.
    16 | D        | Found a glowing silver altar of Zin.
    16 | D        | Found a basalt altar of Yredelemnul.
    16 | D        | Found a shimmering altar of Xom.
    16 | D        | Found an ornate altar of the Wu Jian Council.
    16 | D        | Found a sacrificial altar of Ru.
    16 | D        | Found a stormy altar of Qazlal.
    16 | D        | Found an iron altar of Okawaru.
    16 | D        | Found a sparkling altar of Nemelex Xobeh.
    16 | D        | Found a burning altar of Makhleb.
    16 | D        | Found a blossoming altar of Fedhas.
    16 | D        | Found a white marble altar of Elyvilon.
    16 | D        | Found a shadowy altar of Dithmenos.
    16 | D        | Found a snail-covered altar of Cheibriados.
    17 | D        | Found a corrupted altar of Lugonu.
    18 | D        | Found a hide-covered altar of Uskayaw.
    18 | D        | Found a broken altar of Ashenzari.
    24 | D        | Became a worshipper of Hepliaklqana the Forgotten
    75 | D        | Noticed a floating eye
    78 | D        | Paralysed by a floating eye for 2 turns
    79 | D        | Reached skill level 1 in Invocations
    81 | D        | Killed a floating eye
    82 | D        | Reached skill level 5 in Invocations
    82 | D        | Reached XP level 2. HP: 13/21 MP: 0/0
    82 | D        | Reached XP level 3. HP: 16/25 MP: 0/0
    82 | D        | Learned a level 1 spell: Kiss of Death
    82 | D        | Reached XP level 4. HP: 20/31 MP: 0/0
    82 | D        | Reached XP level 5. HP: 23/35 MP: 0/0
    82 | D        | Learned a level 2 spell: Poisonous Vapours
   402 | D        | Reached skill level 5 in Dodging
   605 | D        | Noticed a water moccasin
   607 | D        | Killed a water moccasin
   608 | D        | Reached skill level 5 in Stealth
   608 | D        | Reached skill level 7 in Invocations
   608 | D        | Reached XP level 6. HP: 34/40 MP: 0/0
   821 | D        | Reached * piety under Hepliaklqana
   842 | D        | Reached skill level 5 in Spellcasting
   842 | D        | Reached skill level 8 in Invocations
   858 | D        | Noticed Jessica
   858 | D        | Noticed a black bear
   859 | D        | Killed Jessica
   860 | D        | Reached XP level 7. HP: 10/40 MP: 0/0
   860 | D        | Learned a level 3 spell: Vhi's Electric Charge
   864 | D        | Reached skill level 9 in Invocations
   993 | D        | Noticed Ijyb
   995 | D        | Killed Ijyb
  1014 | D        | Noticed a small abomination
  1016 | D        | Killed a small abomination
  1143 | D        | Reached skill level 10 in Invocations
  1143 | D        | Reached XP level 8. HP: 36/45 MP: 0/0
  1363 | D        | Noticed a jumping spider
  1367 | D        | Killed a jumping spider
  1369 | D        | Reached skill level 11 in Invocations
  1369 | D        | Reached ** piety under Hepliaklqana
  1558 | D        | Remembered your ancestor Amnanu as a hexer
  1651 | D        | Noticed a kobold demonologist
  1651 | D        | Noticed Gastronok
  1654 | D        | Killed a kobold demonologist
  1669 | D        | Killed Gastronok
  1670 | D        | Reached skill level 10 in Dodging
  1670 | D        | Reached skill level 13 in Invocations
  1670 | D        | Reached XP level 9. HP: 11/49 MP: 0/0
  1670 | D        | Learned a level 3 spell: Kindle Blastsparks
  2038 | D        | Reached *** piety under Hepliaklqana
  2038 | D        | Noticed an ice devil
  2052 | D        | Killed an ice devil
  2105 | D        | Reached XP level 10. HP: 46/54 MP: 0/0
  2360 | D        | Noticed a bog body
  2368 | D        | Killed a bog body
  2369 | D        | Reached skill level 14 in Invocations
  2568 | D        | Noticed Eustachio
  2568 | D        | Noticed a merfolk siren
  2572 | D        | Killed Eustachio
  2575 | D        | Killed a merfolk siren
  2576 | D        | Reached skill level 10 in Stealth
  2842 | D        | Reached skill level 15 in Invocations
  3122 | D        | Reached **** piety under Hepliaklqana
  3497 | D        | Noticed a demonic crawler
  3512 | D        | Slain by a demonic crawler

Illustrated notes

Levels and vault maps discovered:
D:        pitsprint [storerooms_1, entrance_room_1, metal_vault_7, armoury_2,
          mini_pit_1, grid_room_1, main_hall_1, silver_pit, the_coven_1,
          the_vestibule_1, steel_vault_5, golden_pit, hallway_of_sentries,
          crystal_vault_2, iron_vault_4, final_vault]

Skill      XL: |  1  2  3  4  5  6  7  8  9 10 |
---------------+-------------------------------+-----
Stealth        | 4 5 6 8 9 10 | 10.4
Invocations    | 5 7 8 10 13 15 | 15.4
Dodging        | 4 6 7 8 10 11 12 | 12.3
Spellcasting   | 3 4 5 6 7 8 9 |  9.0

Action                     |  1- 3 |  4- 6 |  7- 9 | 10-12 || total
---------------------------+-------+-------+-------+-------++-------
  Melee: Falchion          |     1 |       |       |       ||     1
   Cast: Sandblast         |     9 |     8 |     9 |     4 ||    30
         Stone Arrow       |       |    15 |    33 |    31 ||    79
         Petrify           |       |       |     1 |     4 ||     5
         Kindle Blastspark |       |       |     1 |       ||     1
 Invoke: Ancestor Life: He |       |       |     1 |       ||     1
    Use: Potion            |       |       |     1 |     3 ||     4
 Armour: Robe              |     1 |       |     3 |     1 ||     5
  Dodge: Dodged            |     2 |    11 |    12 |    33 ||    58

Table legend: (Time is in decaauts)
 A = Elapsed time spent in this place.
 B = Non-inter-level travel time spent in this place.
 C = Inter-level travel time spent in this place.
 D = Time resting spent in this place.
 E = Time spent auto-exploring this place.
 F = Levels seen in this place.
 G = Mean time per level.
                   A        B        C        D        E       F      G
               +--------+--------+--------+--------+--------+-----+--------+
         Total |   3524 |   3476 |     48 |   3071 |      0 |   1 | 3524.0 |
       Dungeon |   3524 |   3476 |     48 |   3071 |      0 |   1 | 3524.0 |
               +--------+--------+--------+--------+--------+-----+--------+

Top non-repeatable levels by time:
       D: 3524 daAuts
